 Dungeon Crawl Stone Soup version 0.29.1-12-g30fa7ad0bf (webtiles) character file.

Game seed: 6227676292534522493

4611 xSliceyx the Nimble (level 10, 0/53 HPs)
             Began as a Deep Elf Air Elementalist on Dec 15, 2022.
             Was an Initiate of Gozag.
             Killed by their own static electricity (3 damage)
             ... on level 8 of the Dungeon.
             The game lasted 00:49:57 (11279 turns).

xSliceyx the Nimble (Deep Elf Air Elementalist)    Turns: 11279, Time: 00:49:57

Health: 0/53       AC:  4    Str:  5    XL:     10   Next: 19%
Magic:  4/21       EV: 18    Int: 25    God:    Gozag
Gold:   734        SH:  0    Dex: 15    Spells: 5/21 levels left

rFire   . . .      SeeInvis .   H - staff of conjuration
rCold   . . .      Faith    .   (no shield)
rNeg    . . .      Spirit   .   B - +0 robe
rPois   .          Reflect  .   (no helmet)
rElec   .          Harm     .   q - +0 cloak
rCorr   .          Rampage  .   (no gloves)
Will    +....                   z - +0 pair of boots {Stlth+}
Stlth   +++.......              (no amulet)
HPRegen 0.17/turn               (no ring)
MPRegen 0.17/turn               (no ring)

@: gold aura
A: no striking features
a: Renounce Religion, Potion Petition, Call Merchant, Bribe Branch


You were on level 8 of the Dungeon.
You worshipped Gozag.
Gozag was pleased with you.
You visited 2 branches of the dungeon, and saw 10 of its levels.

You collected 1056 gold pieces.
You spent 149 gold pieces at shops.
You paid 173 gold pieces to Gozag.

Inventory:

Hand Weapons
 h - a +0 trident
 w - a +0 vorpal hand axe
 y - a +1 dagger of electrocution
 A - a +4 dire flail of protection
Missiles
 j - 10 poisoned darts
 n - 14 atropa-tipped darts
 D - 2 throwing nets
 J - 5 datura-tipped darts
 L - 3 boomerangs of dispersal
Armour
 q - a +0 cloak (worn)
 z - a +0 pair of boots of stealth (worn)
 B - a +0 robe (worn)
 F - a +2 leather armour of poison resistance
Magical Staves
 H - a staff of conjuration (weapon)
Jewellery
 k - an amulet of faith
Wands
 x - a wand of flame (6)
 E - a wand of paralysis (4)
Scrolls
 a - 2 scrolls of identify
 d - a scroll of summoning {unknown}
 e - 4 scrolls of noise {unknown}
 i - a scroll of amnesia
 l - 2 scrolls of teleportation {unknown}
 p - 3 scrolls of vulnerability {unknown}
 r - 2 scrolls of immolation {unknown}
 s - 2 scrolls of enchant weapon {unknown}
 t - 3 scrolls of enchant armour {unknown}
 u - a scroll of poison {unknown}
 C - a scroll of torment {unknown}
 G - 2 scrolls of blinking {unknown}
 I - 2 scrolls of butterflies {unknown}
Potions
 b - 2 potions of magic
 c - 3 potions of cancellation
 f - 7 potions of heal wounds
 g - a potion of flight {unknown}
 m - a potion of berserk rage {unknown}
 o - 4 potions of curing
 v - a potion of attraction {unknown}
 K - a potion of haste {unknown}
 M - a potion of lignification {unknown}
 N - a potion of might {unknown}


   Skills:
 - Level 2.0 Fighting
 + Level 11.2 Dodging
 - Level 2.4 Stealth
 - Level 6.0 Spellcasting
 - Level 4.0 Conjurations
 - Level 4.0 Translocations
 - Level 10.0 Air Magic


You had 5 spell levels left.
You knew the following spells:

 Your Spells              Type           Power      Damage    Failure   Level
a - Shock                 Conj/Air       100%       1d9       1%          1
b - Static Discharge      Conj/Air       59%        3-11/arc  1%          2
c - Swiftness             Air            55%        N/A       1%          3
d - Airstrike             Air            27%        2d(4-20)  1%          4
e - Gell's Gravitas       Tloc           27%        N/A       4%          3
f - Teleport Other        Tloc           27%        N/A       4%          3

Your spell library contained the following spells:

 Spells                   Type           Power      Damage    Failure   Level
 Lesser Beckoning         Tloc           27%        N/A       4%          3
 Inner Flame              Hex/Fire       7%         N/A       22%         3
 Iskenderun's Battlesphe  Conj           41%        2d9       36%         5
 Cause Fear               Hex            3%         N/A       58%         4
 Iron Shot                Conj/Erth      13%        9d3       99%         6
 Spellforged Servitor     Conj/Summ      13%        N/A       100%        7
 Discord                  Hex            3%         N/A       100%        8


Dungeon Overview and Level Annotations

Branches:
Dungeon (9/15)             Temple (1/1) D:7            Lair (0/5) D:8
    Orc: D:9-12

Altars:
Ashenzari
Cheibriados
Dithmenos
Elyvilon
Fedhas
Gozag
Hepliaklqana
Kikubaaqudgha
Makhleb
Nemelex Xobeh
Okawaru
Qazlal
Ru
Sif Muna
Trog
Uskayaw
Vehumet
Wu Jian
Yredelemnul
Zin
The Shining One

Shops:
D:1 [   D:2 [   D:6 :

Annotations:
D:5 3 runed translucent doors, Barsook's ghost, novice TrBe
D:6 3 runed translucent doors, FexLirch's ghost, novice MeTm


Message History

The yak is no longer distracted by gold.
The yak bellows!
The yak is heavily wounded.
You are struck by an arc of lightning.
The lightning grounds out.
The yak is struck by an arc of lightning!
The yak is lightly wounded.
The yak is struck by an arc of lightning!
The yak is almost dead.
You are struck by an arc of lightning.
The yak is struck by an arc of lightning!
The yak is moderately wounded.
The yak is struck by an arc of lightning.
The yak is almost dead.
The lightning grounds out.
A bullfrog comes into view.
The yak barely misses you. The yak gores you but does no damage.
The yak misses you. The yak gores you!
* * * LOW HITPOINT WARNING * * *
You climb upwards.
There is a stone staircase leading down here.
Unknown command.
Casting: Static Discharge (safe; 1% risk of failure)
Confirm with . or Enter, or press ? or * to list all spells.
You feel a surge of power!
The yak is struck by an arc of lightning!
You kill the yak!
You are struck by an arc of lightning.
* * * LOW HITPOINT WARNING * * *
The yak is struck by an arc of lightning!
The yak is heavily wounded.
You are struck by an arc of lightning.
* * * LOW HITPOINT WARNING * * *
The yak is struck by an arc of lightning!
The yak is almost dead.
The lightning grounds out.
The yak is struck by an arc of lightning!
The yak is almost dead.
You are struck by an arc of lightning.
You die...
Your body crumbles into a pile of gold.

....####.......###.#
..#####.........##.#
.## ##.......#....##
.####........##...#
..#...........#...#
...............#.##
......#.....##...#####
##........#####..Y...#
#..........###$@...##
##....#............##
#...####...........#
....# ###....##....#
....###......##...##
............###..##
..##...#....##..##
.####..#....##.## .#
##..#....#..#


You could see a yak.

Vanquished Creatures
  2 hornets
  A wyvern (D:8)
  5 yaks (D:8)
  Eustachio (D:6)
  Menkaure (D:7)
  Edmund (D:5)
  3 wargs (D:8)
  An orc warrior (D:6)
  2 black bears
  An ice beast (D:7)
  An ogre (D:6)
  2 centaurs
  2 phantoms
  2 kobold brigands (D:7)
  3 bullfrogs
  3 necrophages
  A gnoll sergeant (D:8)
  A scorpion (D:5)
  14 wights
  2 howler monkeys (D:7)
  A hound (D:4)
  3 orc priests
  A gnoll bouda (D:7)
  Jessica (D:2)
  An iguana (D:7)
  Ijyb (D:3)
  4 orc wizards
  8 adders
  7 gnolls
  A shadow imp (D:7)
  A white imp (D:8)
  2 ufetubi
  A dart slug (D:1)
  24 orcs
  7 ball pythons
  5 bats
  4 endoplasms
  2 giant cockroaches (D:2)
  4 goblins
  6 hobgoblins
  19 kobolds
  4 quokkas
  2 frilled lizards (D:1)
  6 rats
164 creatures vanquished.

Vanquished Creatures (others)
  A human (D:6)
  A plant (D:8)
2 creatures vanquished.

Grand Total: 166 creatures vanquished

Notes
Turn   | Place    | Note
-------+----------+-------------------------------------------
     0 | D:1      | xSliceyx the Deep Elf Air Elementalist began the quest for
                  | the Orb.
     0 | D:1      | Reached XP level 1. HP: 10/10 MP: 6/6
   207 | D:1      | Found Itynk's Armour Shoppe.
   357 | D:1      | Reached XP level 2. HP: 15/15 MP: 5/8
   922 | D:1      | Reached XP level 3. HP: 19/19 MP: 7/10
  1094 | D:2      | Found Lyiseheng's Armour Boutique.
  1174 | D:2      | Learned a level 2 spell: Static Discharge
  1178 | D:2      | Learned a level 3 spell: Swiftness
  1732 | D:2      | Noticed Jessica
  1735 | D:2      | Killed Jessica
  1736 | D:2      | Reached XP level 4. HP: 21/24 MP: 6/12
  2191 | D:3      | Reached skill level 5 in Spellcasting
  2524 | D:3      | Noticed Ijyb
  2637 | D:3      | Learned a level 4 spell: Airstrike
  3058 | D:3      | Found a faded altar of an unknown god.
  3247 | D:4      | Reached XP level 5. HP: 11/28 MP: 9/15
  4139 | D:5      | Entered Level 5 of the Dungeon
  4139 | D:5      | Noticed a centaur
  4361 | D:5      | Noticed a phantom
  4376 | D:5      | Killed a phantom
  4574 | D:5      | Found a hazy altar of Hepliaklqana.
  4896 | D:3      | Killed Ijyb
  4897 | D:3      | Reached XP level 6. HP: 30/33 MP: 7/17
  5145 | D:1      | Bought a +0 pair of boots of stealth for 149 gold pieces
  5317 | D:5      | Reached skill level 1 in Fighting
  5387 | D:5      | Found a runed translucent gate.
  5388 | D:5      | Found a runed translucent gate.
  5389 | D:5      | Found a runed translucent gate.
  5409 | D:5      | Noticed Barsook's ghost (novice TrBe)
  5412 | D:5      | Noticed a yak
  5414 | D:5      | Noticed Edmund
  5441 | D:5      | Killed Edmund
  5853 | D:6      | Noticed an orc warrior
  6013 | D:7      | Reached skill level 5 in Air Magic
  6022 | D:7      | Reached XP level 7. HP: 15/40 MP: 15/18
  6580 | D:7      | Reached XP level 8. HP: 30/44 MP: 8/19
  6906 | D:7      | Found a staircase to the Ecumenical Temple.
  6917 | Temple   | Entered the Ecumenical Temple
  6917 | Temple   | Found a transporter.
  6917 | Temple   | Found a transporter.
  6919 | Temple   | Found a transporter.
  6919 | Temple   | Found a transporter.
  6987 | Temple   | Became a worshipper of Gozag Ym Sagoz the Greedy
  7018 | D:6      | Found an ancient bone altar of Kikubaaqudgha.
  7061 | D:6      | Noticed Eustachio
  7067 | D:6      | Killed Eustachio
  7208 | D:6      | Learned a level 3 spell: Gell's Gravitas
  7212 | D:6      | Learned a level 3 spell: Teleport Other
  7349 | D:6      | Reached skill level 10 in Air Magic
  7349 | D:6      | Reached skill level 1 in Translocations
  7457 | D:6      | Found Yschac's Book Shoppe.
  7611 | D:6      | Found a runed translucent gate.
  7611 | D:6      | Found a runed translucent gate.
  7612 | D:6      | Found a runed translucent gate.
  7614 | D:6      | Noticed FexLirch's ghost (novice MeTm)
  7617 | D:6      | Noticed a spectral unseen horror
  7811 | D:6      | Reached XP level 9. HP: 48/48 MP: 14/20
  7936 | D:6      | Reached skill level 3 in Dodging
  8336 | D:5      | Reached skill level 4 in Dodging
  8688 | D:7      | Reached skill level 5 in Dodging
  8934 | D:7      | Noticed Menkaure
  8938 | D:7      | Killed Menkaure
  9263 | D:8      | Reached skill level 6 in Dodging
  9562 | D:8      | Reached skill level 7 in Dodging
  9567 | D:8      | Reached skill level 8 in Dodging
  9570 | D:8      | Reached skill level 9 in Dodging
  9877 | D:8      | Reached skill level 10 in Dodging
  9957 | D:8      | Reached XP level 10. HP: 46/53 MP: 16/21
 10012 | D:8      | Found a staircase to the Lair.
 10037 | D:8      | Identified the +3 ring mail of the Crypt {rF- Regen+ rCorr
                  | Dex-3}
 10210 | D:8      | Found a shimmering blue altar of Sif Muna.
 11172 | D:8      | Found a burning altar of Makhleb.
 11276 | D:9      | Reached skill level 11 in Dodging
 11279 | D:8      | Killed from afar by themself

Illustrated notes

Levels and vault maps discovered:
D:1:      psy_arrival_spokes, layout_basic, serial_shops, shop,
          nicolae_eternal_life
D:2:      layout_basic, serial_shops, nicolae_shop_statue_plus, uniq_jessica
D:3:      layout_loops_cross, chequers_ecumenical_altar_twisty,
          chequers_serial_rivers_micro_a, minivault_26, patterned_corridor,
          uniq_ijyb
D:4:      layout_basic, minmay_statues_item, chequers_serial_rivers_micro_c
D:5:      layout_rooms, mainiacjoe_overflow_paths, serial_curves,
          eino_curves_04, eino_curves_04, gammafunk_ghost_split, uniq_edmund
D:6:      layout_gridville, tgw_kikubaaqudgha, gammafunk_ghost_necromancy,
          serial_shops, nicolae_shop_window_shopping, kennysheep_cluttered_room,
          kennysheep_generic_room_9, uniq_eustachio
D:7:      layout_loops_cross, temple_statues, kennysheep_generic_room_15,
          uniq_menkaure
D:8:      layout_layer_cave, led_sif_pool, mainiacjoe_overflow_alcove_4,
          erik_lair_orcish_takeover
D:9:      layout_cave_pools, enter_bailey_2
Temple:   hellmonk_temple_divided_pantheon

Skill      XL: |  1  2  3  4  5  6  7  8  9 10 |
---------------+-------------------------------+-----
Conjurations   | 2 3 4 |  4.0
Spellcasting   | 4 5 6 |  6.0
Air Magic      | 4 5 7 10 | 10.0
Fighting       | 2 |  2.0
Translocations | 3 4 |  4.0
Dodging        | 10 11 | 11.2
Stealth        | |  2.4

Action                   |  1- 3 |  4- 6 |  7- 9 | 10-12 || total
-------------------------+-------+-------+-------+-------++-------
Melee: Short sword       |     6 |       |       |       ||     6
       Trident           |       |     3 |       |       ||     3
       Dire flail        |       |     5 |     1 |       ||     6
 Cast: Shock             |    76 |   100 |   113 |    16 ||   305
       Static Discharge  |     1 |    16 |    29 |     2 ||    48
       Swiftness         |       |     3 |       |       ||     3
       Airstrike         |       |       |    24 |    11 ||    35
       Gell's Gravitas   |       |       |     1 |       ||     1
       Teleport Other    |       |       |       |     1 ||     1
Evoke: Wand              |       |       |     4 |       ||     4
  Use: Scroll            |       |     4 |       |       ||     4
       Potion            |       |     1 |       |       ||     1
 Stab: Sleeping          |       |       |     1 |       ||     1
Armor: Robe              |     6 |     2 |     2 |     1 ||    11
Dodge: Dodged            |    10 |    27 |    23 |     3 ||    63
